Map: Triton LE

Players

Protijay

  • Race: Terran Terran
  • League: Diamond
  • Spawn Location: 5:00

GVx - Winner!

  • Race: Protoss Protoss
  • League: Diamond
  • Spawn Location: 11:00

VOD

Have the link to the VOD?

Description

Time

  • Played on: Aug. 30, 2019, 5:53 p.m.
  • Length: 11:58
Show
View Real Time Build Order
Export as new Build Order

Protijay Terran 

Build Orders: Gas First Reaper Expand, Liberator Opening 

Get SALT Encoding   

  12  0:01  SCV  
  13  0:13  SCV  
  14  0:17  Supply Depot  
  14  0:27  Refinery, SCV  
  15  0:39  SCV  
  16  0:44  Barracks  
  16  0:56  SCV  
  17  1:08  SCV  
  18  1:20  SCV  
  19  1:32  Reaper  
  20  1:36  Orbital Command  
  20  1:47  Command Center  
  20  2:01  SCV  
  20  2:03  Factory  
  21  2:13  SCV  
  21  2:14  Supply Depot  
  22  2:17  Barracks Reactor  
  22  2:21  Refinery  
  22  2:25  SCV  
  23  2:37  SCV  
  24  2:50  SCV  
  25  2:53  Widow Mine, Marine  
  25  2:54  Marine  
  25  2:58  Starport  
  29  3:00  Orbital Command  
  29  3:03  SCV  
  29  3:11  Marine x2  
  31  3:15  SCV  
  31  3:17  Widow Mine  
  34  3:26  SCV  
  35  3:27  SCV  
  35  3:29  Marine x2  
  38  3:34  Liberator  
  38  3:35  Supply Depot  
  38  3:38  SCV  
  38  3:40  Factory Tech Lab  
  39  3:46  SCV  
  40  3:49  Marine x2  
  40  3:50  SCV  
  46  4:01  SCV  
  48  4:02  SCV  
  48  4:07  Supply Depot, Marine x2  
  48  4:08  Supply Depot  
  50  4:12  Siege Tank  
  50  4:13  SCV  
  54  4:28  SCV x2  
  56  4:33  Supply Depot  
  56  4:35  Supply Depot  
  56  4:40  SCV  
  56  4:42  Command Center  
  56  4:45  SCV  
  58  4:46  Marine x2  
  58  4:50  Siege Tank  
  63  4:53  SCV  
  63  4:54  Medivac  
  63  4:58  Supply Depot  
  63  4:59  SCV  
  67  5:04  Marine x2  
  67  5:05  SCV  
  70  5:11  SCV, Engineering Bay  
  71  5:17  SCV, Engineering Bay  
  72  5:22  Marine x2  
  72  5:23  SCV  
  72  5:24  Siege Tank  
  78  5:31  SCV  
  78  5:34  Starport Tech Lab  
  78  5:35  SCV  
  77  5:40  Marine x2  
  79  5:43  SCV  
  79  5:45  Barracks x2, Terran Infantry Weapons Level 1  
  79  5:47  Terran Infantry Armor Level 1, SCV  
  81  5:52  Supply Depot  
  81  5:55  SCV  
  82  5:57  Refinery  
  82  5:58  Marine x2  
  82  5:59  Refinery, SCV  
  85  6:05  Orbital Command  
  85  6:16  Siege Tank, Marine x2  
  90  6:33  SCV x2  
  90  6:34  SCV  
  93  6:40  Armory  
  93  6:45  SCV  
  93  6:46  SCV x2  
  96  6:53  Supply Depot, Refinery  
  96  6:54  Supply Depot, Refinery, Starport Reactor  
  96  6:55  Marine x2  
  96  6:58  SCV x2  
  96  7:00  Combat Shield, Stimpack, Factory Reactor  
  100  7:02  Marauder x2, SCV  
  105  7:10  SCV  
  104  7:17  Marine x2, SCV x2  
  104  7:22  SCV  
  109  7:23  Marauder x2  
  109  7:25  Supply Depot  
  109  7:29  SCV x2  
  115  7:31  Terran Vehicle Weapons Level 1  
  115  7:34  SCV  
  116  7:38  Barracks x2  
  116  7:39  Medivac x2  
  116  7:40  Marine x2  
  116  7:41  Widow Mine  
  124  7:47  Widow Mine, Marauder x2, SCV x2, Supply Depot  
  124  7:48  Supply Depot, SCV  
  133  8:04  Marine x2  
  137  8:06  Widow Mine  
  137  8:08  Widow Mine  
  137  8:09  Medivac x2  
  142  8:25  Marine x2, SCV x3  
  142  8:26  Marauder x2  
  148  8:27  Widow Mine  
  148  8:29  Barracks Reactor  
  148  8:30  Widow Mine  
  150  8:37  SCV x3  
  150  8:38  Medivac  
  150  8:39  Medivac  
  145  8:47  Marauder  
  131  8:59  SCV x3  
  131  9:00  Terran Infantry Weapons Level 2  
  131  9:01  Terran Infantry Armor Level 2  
  133  9:02  Marine  
  133  9:03  Marine  
  133  9:04  Barracks Tech Lab  
  133  9:05  Concussive Shells  
  133  9:06  Marauder  
  133  9:07  Widow Mine x2  
  133  9:09  Marauder  
  143  9:11  Supply Depot x2, SCV x2  
  143  9:12  SCV  
  143  9:15  Barracks  
  146  9:18  Barracks  
  146  9:21  Supply Depot  
  146  9:23  Command Center, SCV x2  
  148  9:25  Marine x4  
  148  9:27  Medivac x2  
  156  9:33  Widow Mine x2  
  160  9:39  Marauder x3  
  160  9:41  SCV  
  160  9:42  SCV x2  
  144  10:00  Marine x4  
  144  10:03  Marauder x3  
  141  10:24  Marauder  
  143  10:34  SCV x2  
  143  10:35  SCV  
  146  10:37  Supply Depot  
  146  10:38  Supply Depot  
  146  10:40  Marine x4  
  146  10:42  Barracks Tech Lab, Barracks Reactor  
  152  10:43  Widow Mine x2, Marauder  
  152  10:46  Ghost Academy  
  152  10:48  Marauder x2, Medivac x2  
  164  10:56  SCV x3  
  167  10:58  Marine x2  
  167  11:00  Supply Depot  
  167  11:01  Sensor Tower  
  171  11:04  Widow Mine x2  
  171  11:05  Barracks  
  171  11:06  Barracks x2  
  171  11:08  Marine x2  
  171  11:10  Marauder x4  
  183  11:15  SCV x2  
  183  11:16  Planetary Fortress, SCV  
  180  11:26  Command Center  
Show
View Real Time Build Order
Export as new Build Order

GVx Protoss - Winner!

Build Orders: 1 Gate Expand, Blink Stalkers 

Get SALT Encoding   

  12  0:01  Probe  
  13  0:13  Probe  
  14  0:17  Pylon  
  14  0:25  Probe  
  15  0:33  Probe  
  15  0:37  Gateway  
  15  0:41  Probe  
  16  0:48  Assimilator  
  17  0:52  Probe  
  18  1:04  Probe  
  19  1:16  Probe  
  20  1:23  Nexus  
  20  1:35  Cybernetics Core  
  20  1:37  Probe  
  21  1:45  Assimilator  
  21  1:57  Probe  
  21  1:58  Pylon  
  22  2:08  Adept  
  22  2:09  Probe  
  22  2:11  Warp Gate  
  25  2:30  Robotics Facility  
  25  2:31  Stalker  
  25  2:32  Probe  
  26  2:38  Probe  
  28  3:03  Probe x2  
  30  3:16  Twilight Council  
  30  3:17  Observer  
  30  3:19  Probe x2  
  33  3:22  Sentry  
  33  3:26  Gateway  
  33  3:31  Probe x2  
  37  3:36  Blink  
  37  3:43  Probe x2  
  37  3:55  Probe x2  
  39  4:07  Probe x2  
  41  4:20  Stalker x2  
  41  4:23  Pylon  
  45  4:29  Assimilator  
  45  4:31  Pylon, Probe  
  46  4:34  Pylon  
  46  4:35  Forge  
  46  4:36  Gateway  
  46  4:41  Probe  
  46  4:44  Nexus  
  46  4:45  Observer  
  48  4:58  Stalker x2  
  52  5:10  Probe x2  
  51  5:22  Probe  
  51  5:23  Probe  
  51  5:24  Protoss Ground Weapons Level 1  
  51  5:27  Charge  
  49  5:30  Probe  
  49  5:34  Observer  
  49  5:35  Probe  
  51  5:38  Probe  
  52  5:43  Assimilator  
  52  5:47  Probe  
  52  5:49  Probe  
  53  5:56  Immortal  
  54  5:59  Probe  
  54  6:02  Probe x2  
  61  6:07  Pylon  
  61  6:09  Robotics Bay  
  61  6:10  Robotics Facility  
  61  6:16  Zealot x3  
  67  6:20  Pylon  
  67  6:32  Immortal  
  67  6:37  Gateway  
  67  6:38  Gateway  
  67  6:39  Zealot  
  73  6:40  Zealot x2  
  77  6:55  Nexus  
  77  6:56  Pylon  
  77  7:04  Templar Archives  
  77  7:10  Observer  
  76  7:27  Extended Thermal Lance  
  76  7:29  Colossus  
  76  7:31  Probe x2  
  76  7:35  Assimilator  
  76  7:37  Assimilator  
  84  7:41  Pylon  
  84  7:44  Pylon  
  84  7:48  Zealot x3  
  84  7:50  Zealot x2  
  94  7:56  Pylon  
  94  7:59  Gateway  
  94  8:00  Gateway  
  94  8:05  Forge  
  94  8:16  Probe x2  
  94  8:17  Probe  
  93  8:22  Colossus  
  93  8:24  Zealot x5  
  89  8:45  Protoss Ground Weapons Level 2  
  89  8:47  Colossus  
  87  8:55  Protoss Ground Armor Level 1  
  87  8:56  Probe x3  
  90  9:05  Colossus  
  90  9:08  Probe x2  
  98  9:16  Probe  
  99  9:20  Probe  
  99  9:21  Probe  
  107  9:28  Probe  
  108  9:33  High Templar x2, Probe x2  
  108  9:34  Zealot x2  
  108  9:35  Zealot x3  
  124  9:39  Psionic Storm  
  124  9:40  Probe  
  125  9:49  Pylon  
  125  9:52  Pylon  
  103  9:56  Archon  
  95  10:00  Zealot x2  
  95  10:01  Zealot x3  
  105  10:23  Warp Prism  
  107  10:34  Zealot x3  
  107  10:35  Stalker x3  
  119  10:36  High Templar  
  121  10:42  Nexus  
  121  11:27  Pylon  
  121  11:28  Pylon  
  121  11:31  Zealot x4  
  121  11:32  Zealot x3  
  125  11:57  Zealot x2  
  125  11:58  Zealot x4  
Tags
 
Add a new tag
Caveats
  • Supply blocks, unpowered buildings, or Contaminate may cause inaccurate times.
  • Supply counts are checked every 10 seconds.